 Dungeon Crawl Stone Soup version 0.21.1-1-g345015fe64 (webtiles) character file.

172 Holzbalken the Digger (level 5, -3/28 HPs)
             Began as a Gargoyle Earth Elementalist on June 22, 2018.
             Killed by divine providence
             ... invoked by an orc priest
              (14 damage)
             ... on level 3 of the Dungeon on June 27, 2018.
             The game lasted 00:32:12 (3036 turns).

Holzbalken the Digger (Gargoyle Earth Elementalist) Turns: 3036, Time: 00:32:13

Health: -3/28      AC:  6    Str: 11    XL:     5   Next: 52%
Magic:  9/9        EV: 12    Int: 17    God:
Gold:   162        SH:  0    Dex: 10    Spells: 9/10 levels left

rFire    . . .     SeeInvis .   l - +0 dagger (elec)
rCold    . . .     Gourm    .   (no shield)
rNeg     + . .     Faith    .   c - +0 robe
rPois    ∞         Spirit   .   (no helmet)
rElec    +         Reflect  .   (no cloak)
rCorr    .         Harm     .   (no gloves)
MR       .....                  (no boots)
Stlth    ++........             (no amulet)
HPRegen  0.09/turn              (no ring)
MPRegen  0.11/turn              (no ring)

@: no status effects
A: negative energy resistance 1, electricity resistance, unbreathing,
petrification resistance, rot immunity, AC +4
a: no special abilities


You were on level 3 of the Dungeon.
You were not hungry.

You visited 1 branch of the dungeon, and saw 3 of its levels.

You collected 162 gold pieces.

Inventory:

Hand Weapons
 l - a +0 dagger of electrocution (weapon)
 m - a +0 club
Missiles
 b - 45 stones (quivered)
 k - 3 large rocks
Armour
 c - a +0 robe (worn)
 g - a +0 robe
Scrolls
 f - a scroll of fear {unknown}
 i - 2 scrolls of remove curse {unknown}
 j - a scroll of enchant armour {unknown}
 q - 2 scrolls of identify {unknown}
 s - a scroll of blinking {unknown}
Potions
 a - a potion of heal wounds {unknown}
 h - a potion of haste {unknown}
 n - 2 potions of mutation {unknown}
 o - a potion of magic {unknown}
Books
 e - a book of Geomancy

   Spells                             Type                      Level
   a - Sandblast                      Earth                        1
   b - Passwall                       Transmutation/Earth          2
   c - Stone Arrow                    Conjuration/Earth            3
   d - Petrify                        Transmutation/Earth          4
   e - Lee's Rapid Deconstruction     Earth                        5
 p - a book of Misfortune

   Spells                             Type                      Level
   a - Confusing Touch                Hexes                        1
   b - Confuse                        Hexes                        3
   c - Gell's Gravitas                Translocation                3
   d - Petrify                        Transmutation/Earth          4
   e - Metabolic Englaciation         Hexes/Ice                    5
   f - Yara's Violent Unravelling     Hexes/Transmutation          5
Comestibles
 d - 4 rations


   Skills:
 + Level 2.6 Dodging
 + Level 3.7 Stealth
 + Level 3.0 Spellcasting
   Level 0.7 Transmutations
 * Level 4.8 Earth Magic


You had 9 spell levels left.
You knew the following spells:

 Your Spells              Type           Power        Failure   Level  Hunger
a - Sandblast             Erth           ###...       2%          1    None


Dungeon Overview and Level Annotations

Branches:
Dungeon (3/15)

Altars:
Elyvilon
Nemelex Xobeh
Ru

Annotations:
D:2 exclusion: downstairs, Sigmund
D:3 Ijyb


Innate Abilities, Weirdness & Mutations

You are resistant to torment.
Your stone body is resilient. (AC +4)
You are immune to poison.
You resist negative energy. (rN+)
You are resistant to electric shocks. (rElec)
You can survive without breathing.
You are immune to petrification.
You are immune to rotting.


Message History

Found a scroll labeled MEWKI AREBUARGH.
The adder misses you.
The orc priest casts a cantrip, but nothing happens.
Really walk into a travel-excluded area? [Y]es or [N]o only, please.
Really walk into a travel-excluded area? [Y]es or [N]o only, please.
Really walk into a travel-excluded area?
The adder completely misses you.
There are monsters nearby!
The adder misses you.
A hobgoblin opens the door.
Ijyb throws a stone.
The stone barely misses you.
Really walk into a travel-excluded area?
The adder bites you. x2
The hobgoblin hits you but does no damage.
There are monsters nearby!
The orc priest invokes the aid of Beogh against you.
Beogh smites you!
Ouch! That really hurt!
You die...

..'...'...............>#
###...##.#######.#######
###...##.# #.##.#
...#####'#### #....#
##.#........# ####.#######
#..........# #(.........#
##.........# #.##.#####.#
#.).......# #.##.# #.#
##.###'#### #@##.# #.#
#[###.# #g##.# #.#
####[.##.# #.##.# #.#
..o.#.##.#######o##.# #.#
###.#[.#.##....#S##(# #.# #
#.##.#..'....ogo..# #(#
###.##.#..#.o..###..#####)#
...............og.o.....#)#
####...#..#..#####[.#.###.#


You could see an orc priest, an orc wizard (wandering), an adder, an orc, a
hobgoblin and a goblin.

Vanquished Creatures
  An orc priest (D:3)
  Terence (D:2)
  A worker ant (D:3)
  2 adders (D:3)
  2 worms
  2 dart slugs
  8 orcs (D:3)
  7 giant cockroaches
  9 goblins
  6 hobgoblins
  A quokka (D:3)
  A ball python (D:2)
  5 bats
  2 frilled lizards
  4 kobolds
  6 rats
58 creatures vanquished.

Notes
Turn   | Place    | Note
-------+----------+-------------------------------------------
     0 | D:1      | Holzbalken the Gargoyle Earth Elementalist began the quest for the Orb.
     0 | D:1      | Reached XP level 1. HP: 10/10 MP: 3/3
   191 | D:1      | Reached XP level 2. HP: 15/15 MP: 3/5
   447 | D:1      | Found a sparkling altar of Nemelex Xobeh.
   995 | D:2      | Reached skill level 4 in Earth Magic
  1068 | D:2      | Found a sacrificial altar of Ru.
  1071 | D:2      | Reached XP level 3. HP: 19/19 MP: 4/6
  1163 | D:2      | Found a white marble altar of Elyvilon.
  1419 | D:2      | Noticed Terence
  1448 | D:2      | Killed Terence
  1448 | D:2      | Reached XP level 4. HP: 7/24 MP: 1/7
  1814 | D:2      | Noticed Sigmund
  2430 | D:3      | Reached XP level 5. HP: 25/28 MP: 0/9
  2672 | D:3      | Noticed Ijyb
  3036 | D:3      | Killed from afar by an orc priest

Skill      XL: |  1  2  3  4  5 |
---------------+----------------+-----
Earth Magic    | 4 |  4.8
Dodging        | 2 |  2.6
Stealth        | 3 |  3.7
Spellcasting   | 3 |  3.0
Transmutations | |  0.7

Action                   |  1- 3 |  4- 6 || total
-------------------------+-------+-------++-------
Melee: Unarmed           |     9 |       ||     9
       Dagger            |    23 |    29 ||    52
 Cast: Sandblast         |    49 |    41 ||    90
  Eat: Chunk             |     2 |     2 ||     4
       Ration            |       |     1 ||     1
Armor: Robe              |     7 |    32 ||    39
Dodge: Dodged            |    24 |    63 ||    87
